 Dungeon Crawl Stone Soup version 0.21.1-1-g345015f (webtiles) character file.

106 Fortress the Conjurer (level 4, 0/21 HPs)
             Began as a Vine Stalker Conjurer on June 17, 2018.
             Was an Initiate of Vehumet.
             Slain by an adder (3 damage)
             ... on level 3 of the Dungeon.
             The game lasted 00:14:56 (2563 turns).

Fortress the Conjurer (Vine Stalker Conjurer)       Turns: 2563, Time: 00:14:56

Health: 0/21       AC:  3    Str: 10    XL:     4   Next: 84%
Magic:  0/9        EV: 12    Int: 16    God:    Vehumet [......]
Gold:   117        SH:  0    Dex: 15    Spells: 6/9 levels left

rFire    . . .     SeeInvis .   j - +0 dagger
rCold    . . .     Gourm    .   (no shield)
rNeg     . . .     Faith    .   a - +0 robe
rPois    .         Spirit   +   (no helmet)
rElec    .         Reflect  .   q - +0 cloak
rCorr    .         Harm     .   (no gloves)
MR       .....                  (no boots)
Stlth    ++........             (no amulet)
HPRegen  0.47/turn              (no ring)
MPRegen  0.11/turn              (no ring)

@: no status effects
A: fangs 2, regeneration 1, magic shield, antimagic bite, no potion heal 3, rot
immunity
a: Renounce Religion


You were on level 3 of the Dungeon.
You worshipped Vehumet.
Vehumet was noncommittal.
You were not hungry.

You visited 1 branch of the dungeon, and saw 4 of its levels.

You collected 117 gold pieces.

Inventory:

Hand Weapons
 j - a +0 dagger (weapon)
 t - a +0 hunting sling
 v - a +0 flail of protection
Missiles
 h - 22 poisoned needles
 i - 39 stones (quivered)
 k - 28 arrows
 n - 37 bolts
 o - 9 sling bullets
Armour
 a - a +0 robe (worn)
 q - a +0 cloak (worn)
Jewellery
 g - an uncursed ring of wizardry {unknown}
 l - an uncursed ring of magical power {unknown}
Scrolls
 e - 2 scrolls of immolation {unknown}
 f - 5 scrolls of teleportation {unknown}
 m - 2 scrolls of identify {unknown}
 r - a scroll of noise {unknown}
 s - a scroll of enchant armour {unknown}
 u - a scroll of enchant weapon {unknown}
Potions
 d - 2 potions of curing {unknown}
 p - a potion of heal wounds {unknown}
Books
 b - a book of Conjurations

   Spells                             Type                      Level
   a - Magic Dart                     Conjuration                  1
   b - Searing Ray                    Conjuration                  2
   c - Dazzling Spray                 Conjuration/Hexes            3
   d - Fulminant Prism                Conjuration/Hexes            4
   e - Force Lance                    Conjuration/Translocation    4
   f - Iskenderun's Mystic Blast      Conjuration                  4
Comestibles
 c - 3 rations
 w - 2 chunks of flesh


   Skills:
 + Level 0.2 Fighting
 * Level 1.6 Short Blades
 - Level 1.6 Dodging
 + Level 2.9 Stealth
 + Level 3.0 Spellcasting
 + Level 5.0 Conjurations


You had 6 spell levels left.
You knew the following spells:

 Your Spells              Type           Power        Failure   Level  Hunger
a - Magic Dart            Conj           ###.         2%          1    #......
b - Searing Ray           Conj           ###...       3%          2    ##.....


Dungeon Overview and Level Annotations

Branches:
Dungeon (4/15)
 Temple: D:4-7

Altars:
Vehumet

Annotations:
D:2 Sigmund


Innate Abilities, Weirdness & Mutations

You have extremely sharp teeth.
Your natural rate of healing is unusually fast.
When hurt, damage is shared between your health and your magic reserves.
Your bite disrupts and absorbs the magic of your enemies.
Potions cannot restore your health.
You are immune to rotting.


Message History

You hit the adder.
The adder is heavily wounded.
The adder bites you. The goblin closely misses you.
You miss the adder. Your bite misses the adder.
The adder is heavily wounded.
The adder closely misses you. x2
You barely miss the adder.
The adder is heavily wounded.
The goblin hits you from afar with a trident.
The adder bites you.
* * * LOW HITPOINT WARNING * * *
You hit the adder but do no damage. Your bite misses the adder.
The adder is heavily wounded.
The goblin hits you from afar with a trident.
* * * LOW HITPOINT WARNING * * *
The adder closely misses you.
You miss the adder.
The adder is heavily wounded.
The adder bites you.
You die...

.. .. #.#.# ... #.#.#
####... #.#.# .......
##.#.## ....... #.....#
..S.. #.[...# .).
#.....############)######
##.#......(....@Sg....)..
###.#########...##(###....
........... #...##... .
###....#### #...######
#.......# #...# ##...##.#
#..)# ####...##.# #...#
.......##.# #...#
....#####.# #####


You could see an adder and a goblin.

Vanquished Creatures
  A bullfrog skeleton (D:4)
  2 adders
  A worm (D:3)
  2 dart slugs
  4 bats
  2 giant cockroaches (D:1)
  11 goblins
  4 hobgoblins
  11 jackals (D:1)
  A quokka (D:2)
  A ball python (D:2)
  2 frilled lizards
  5 kobolds
  2 rats
49 creatures vanquished.

Notes
Turn   | Place    | Note
-------+----------+-------------------------------------------
     0 | D:1      | Fortress the Vine Stalker Conjurer began the quest for the Orb.
     0 | D:1      | Reached XP level 1. HP: 9/9 MP: 4/4
   170 | D:1      | Reached XP level 2. HP: 13/13 MP: 4/6
   803 | D:1      | Reached skill level 1 in Short Blades
   803 | D:1      | Reached XP level 3. HP: 16/16 MP: 0/7
  1322 | D:2      | Found a radiant altar of Vehumet.
  1347 | D:2      | Learned a level 2 spell: Searing Ray
  1995 | D:2      | Noticed Sigmund
  2094 | D:2      | Became a worshipper of Vehumet
  2148 | D:4      | Gained mutation: Your natural rate of healing is unusually fast. [Vine Stalker growth]
  2148 | D:4      | Reached XP level 4. HP: 7/21 MP: 1/9
  2540 | D:3      | Reached skill level 5 in Conjurations
  2563 | D:3      | Slain by an adder

Skill      XL: |  1  2  3  4 |
---------------+-------------+-----
Short Blades   | 1 |  1.6
Conjurations   | 5 |  5.0
Spellcasting   | 3 |  3.0
Fighting       | |  0.2
Dodging        | |  1.6
Stealth        | |  2.9

Action                   |  1- 3 |  4- 6 || total
-------------------------+-------+-------++-------
Melee: Dagger            |    31 |     5 ||    36
       Bite              |    11 |       ||    11
 Cast: Magic Dart        |    67 |    19 ||    86
       Searing Ray       |     2 |     2 ||     4
 Stab: Sleeping          |     2 |       ||     2
  Eat: Chunk             |     4 |       ||     4
       Ration            |       |     1 ||     1
Armor: Robe              |     8 |     1 ||     9
Dodge: Dodged            |    42 |     9 ||    51
